Map: Prion Terraces

Players

ILLBdA - Winner!

  • Race: Protoss Protoss
  • League: Diamond

Enforcer

  • Race: Terran Terran
  • League: Diamond

VOD

Have the link to the VOD?

Description

Time

  • Played on: Dec. 15, 2015, 10:10 p.m.
  • Length: 4:06
Show
View Real Time Build Order
Export as new Build Order

ILLBdA Protoss - Winner!

Build Orders: Oracle Opening 

Get SALT Encoding   

  12  0:01  Probe (Chrono Boost)  
  13  0:11  Probe (Chrono Boost)  
  14  0:18  Pylon  
  14  0:22  Probe (Chrono Boost)  
  15  0:36  Probe (Chrono Boost)  
  15  0:37  Gateway  
  16  0:46  Probe (Chrono Boost)  
  16  0:48  Assimilator  
  17  0:53  Assimilator  
  18  0:57  Probe (Chrono Boost)  
  18  1:07  Probe (Chrono Boost)  
  19  1:18  Probe (Chrono Boost)  
  20  1:24  Cybernetics Core  
  20  1:30  Probe (Chrono Boost)  
  21  1:34  Pylon  
  21  1:35  Pylon  
  21  1:40  Probe (Chrono Boost)  
  23  2:00  Mothership Core (Chrono Boost), Adept (Chrono Boost)  
  26  2:03  Warp Gate  
  26  2:17  Stargate  
  26  2:21  Gateway  
  26  2:28  Adept (Chrono Boost)  
  28  2:39  Probe  
  29  3:04  Oracle (Chrono Boost)  
  32  3:07  Pylon x2  
  29  3:32  Gateway  
Show
View Real Time Build Order
Export as new Build Order

Enforcer Terran 

Build Orders: Reaper Expand 

Get SALT Encoding   

  12  0:00  SCV  
  13  0:13  SCV  
  14  0:17  Supply Depot  
  14  0:25  SCV  
  15  0:39  SCV  
  15  0:41  Barracks  
  16  0:47  Refinery  
  16  0:51  SCV  
  17  1:03  SCV  
  18  1:15  SCV  
  19  1:29  Orbital Command  
  19  1:30  Reaper  
  20  1:42  Command Center  
  20  1:50  Supply Depot  
  20  1:54  SCV  
  21  2:02  Barracks Reactor  
  21  2:07  SCV  
  22  2:14  Barracks  
  22  2:19  SCV  
  23  2:25  Factory  
  23  2:28  Refinery  
  23  2:31  SCV  
  23  2:38  Marine x2  
  23  2:43  SCV  
  26  2:54  Orbital Command  
  26  2:56  SCV  
  26  2:57  Marine x2  
  29  3:03  Barracks Tech Lab  
  28  3:10  Starport  
  20  3:27  Marine x3  
  9  3:45  Marine x3  
Tags
 
Add a new tag
Caveats
  • Supply blocks, unpowered buildings, or Contaminate may cause inaccurate times.
  • Supply counts are checked every 10 seconds.